 Dungeon Crawl Stone Soup version 0.30.0 (webtiles) character file.

Game seed: 3073005851731173806

118535 asdfjkl123 the Severer (level 16, -9/161 HPs)
             Began as a Minotaur Berserker on Dec 21, 2023.
             Was a High Priest of Trog.
             Mangled by a water elemental (12 damage)
             ... led by a merfolk aquamancer
             ... on level 2 of the Shoals.
             The game lasted 01:05:53 (28994 turns).

asdfjkl123 the Severer (Minotaur Berserker)        Turns: 28994, Time: 01:05:53

Health: -9/161     AC: 44    Str: 26    XL:     16   Next: 25%
Magic:  15/15      EV:  9    Int:  6    God:    Trog [*****.]
Gold:   1432       SH:  0    Dex: 12    Spells: 15/15 levels left

rFire   + + .        s - +8 battleaxe of a sewer {heavy, *Rage rElec rC++ SInv}
rCold   + + +        (shield currently unavailable)
rNeg    + . .        y - +5 crystal plate armour {rC+}
rPois   +            P - +1 hat
rElec   +            m - +2 cloak {rPois}
rCorr   .            K - +1 pair of gloves "Gogroygg" {rF+}
SInv    +            D - +0 pair of boots {rampage}
Will    +....        L - amulet of the acrobat Stlth
                     l - ring "Ipyudyt" {Fly rC+ SInv}
HPRegen 0.46/turn    t - ring of Gusec {rElec rF+ rN+ AC+4}
MPRegen 0.14/turn

%: random rage (20%), acrobat, rampage
@: on berserk cooldown, flying, slowed, very slow
A: horns 2, retaliatory headbutt
a: Renounce Religion, Berserk, Trog's Hand, Brothers in Arms


You were on level 2 of the Shoals.
You worshipped Trog.
Trog was extremely pleased with you.
You visited 4 branches of the dungeon, and saw 23 of its levels.
You visited the Abyss 1 time.
You also visited: Ice Cave.

You collected 2495 gold pieces.
You spent 1063 gold pieces at shops.

Inventory:

Hand Weapons
 s - the +8 battleaxe of a sewer (weapon) {heavy, *Rage rElec rC++ SInv}
   (Trog gifted it to you on level 2 of the Orcish Mines)

   rC:        It greatly protects you from cold.
   rElec:     It insulates you from electricity.
   SInv:      It lets you see invisible.
   *Rage:     It berserks you when you make melee attacks (+20% chance).
 J - a +2 broad axe of distortion
 S - a +2 broad axe
 X - a +6 battleaxe of flaming
Missiles
 G - a throwing net (quivered)
Armour
 m - a +2 cloak of poison resistance (worn)
 y - a +5 crystal plate armour of cold resistance (worn)
 D - a +0 pair of boots of rampaging (worn)
 K - the +1 pair of gloves "Gogroygg" (worn) {rF+}
   (You found it on level 10 of the Dungeon)

   rF:        It protects you from fire.
 P - a +1 hat (worn)
Jewellery
 l - the ring "Ipyudyt" (left hand) {Fly rC+ SInv}
   (You took it off a rakshasa on level 11 of the Dungeon)

   [ring of see invisible]

   rC:        It protects you from cold.
   SInv:      It lets you see invisible.
   Fly:       It grants you flight.
 n - a ring of willpower
 t - the ring of Gusec (right hand) {rElec rF+ rN+ AC+4}
   (You took it off a centaur warrior on level 11 of the Dungeon)

   [ring of protection]

   AC:        It affects your AC (+4).
   rF:        It protects you from fire.
   rElec:     It insulates you from electricity.
   rN:        It protects you from negative energy.
 F - the ring of Gaedun {MP+9 Str+4 Int+4 Dex+4 Stlth-}
   (You took it off a tengu warrior on level 11 of the Dungeon)

   [ring of magical power]

   Str:       It affects your strength (+4).
   Int:       It affects your intelligence (+4).
   Dex:       It affects your dexterity (+4).
   MP:        It affects your magic capacity (+9).
   Stlth:     It makes you less stealthy.
 H - the ring of Suspicion {+Blink rC+ MP+9}
   (You found it in an ice cave)

   [ring of magical power]

   rC:        It protects you from cold.
   MP:        It affects your magic capacity (+9).
   +Blink:    It lets you blink.
 L - an amulet of the acrobat (around neck)
 N - a +6 ring of strength
 T - the ring "Zesinen" {rC- Str+6 Dex+9 SInv}
   (You found it on level 5 of the Lair of Beasts)

   [ring of strength]

   Str:       It affects your strength (+6).
   Dex:       It affects your dexterity (+9).
   rC:        It makes you vulnerable to cold.
   SInv:      It lets you see invisible.
 U - a ring of poison resistance
 Y - a ring of poison resistance
 Z - a ring of protection from fire
Wands
 h - a wand of paralysis (17)
 k - a wand of roots (3)
 u - a wand of flame (49)
 v - a wand of polymorph (26)
 x - a wand of acid (18)
Scrolls
 a - 7 scrolls of immolation
 b - 3 scrolls of poison
 e - a scroll of butterflies
 g - 7 scrolls of fog
 i - 4 scrolls of enchant weapon
 w - 3 scrolls of blinking
 C - 4 scrolls of fear
 I - 10 scrolls of teleportation
 R - 6 scrolls of identify
 W - a scroll of magic mapping
Potions
 c - 3 potions of might
 d - a potion of invisibility
 f - 5 potions of heal wounds
 j - 9 potions of brilliance
 o - 4 potions of curing
 p - 4 potions of resistance
 q - 2 potions of flight
 r - 5 potions of ambrosia
 z - 8 potions of lignification
 A - 2 potions of magic
 B - 5 potions of haste
 E - a potion of cancellation
 M - 3 potions of attraction
 O - a potion of berserk rage
 Q - a potion of mutation
Miscellaneous
 V - a lightning rod (4/4)


   Skills:
 + Level 19.4 Fighting
 - Level 20.8 Axes
 + Level 19.2 Armour
 - Level 8.4 Dodging


You had 15 spell levels left.
You didn't know any spells.
Your spell library was empty.

Dungeon Overview and Level Annotations

Branches:
Dungeon (14/15)            Temple (0/1) D:7            Lair (5/5) D:9
 Shoals (2/4) Lair:2       Spider (0/4) Lair:2        Slime (0/5) Lair:4
    Orc (2/2) D:12            Elf (0/3) Orc:2        Vaults (0/5) D:14
  IceCv (visited)

Altars:
Makhleb
Nemelex Xobeh
Okawaru
Sif Muna
Trog
Uskayaw
Vehumet
Wu Jian
Yredelemnul
Zin
Jiyva

Shops:
D:4 ==   D:5 *=   D:7 *   D:11 **   D:12 [   Orc:2 ?:[?

Portals:
Hell: Lair:5


Innate Abilities, Weirdness & Mutations

You have a pair of horns on your head.
You reflexively headbutt those who attack you in melee.


Message History

The water elemental barely misses you. You furiously retaliate!
You headbutt the water elemental! The water elemental hits you.
The merfolk aquamancer hits you but does no damage.
You rip the net and break free!
* * * LOW HITPOINT WARNING * * *
Your lungs strain for air!
The merfolk hits you but does no damage. x2
The water elemental hits you. The water elemental barely misses you.
You furiously retaliate!
You headbutt the water elemental, but do no damage.
The water elemental hits you.
The merfolk aquamancer hits you but does no damage.
You feel much better.
* * * LOW HITPOINT WARNING * * *
Your lungs strain for air!
The merfolk barely misses you.
The merfolk hits you from afar with a +0 trident.
* * * LOW HITPOINT WARNING * * *
The water elemental hits you. x3
The merfolk aquamancer gestures at you while chanting.
The shard of ice hits you! You partially resist.
* * * LOW HITPOINT WARNING * * *
The merfolk hits you but does no damage. x2
The water elemental hits you!
* * * LOW HITPOINT WARNING * * *
The water elemental hits you.
The merfolk aquamancer barely misses you.
You furiously retaliate!
You headbutt the merfolk aquamancer. The water elemental hits you.
You cannot read scrolls while unable to breathe!
You slash the water elemental!
You destroy the water elemental!
Trog accepts your kill. The water engulfing you falls away.
You gasp with relief as air once again reaches your lungs.
You barely miss the merfolk aquamancer. You closely miss the water elemental.
You slice the water elemental!!
The merfolk hits you but does no damage. x2
The water elemental hits you!
You die...

...~~≈≈≈≈~.~P.PP..>.....
....≈≈≈≈~~...P##........
<..#~≈≈≈~~≈...P#.....~..
....~≈≈≈≈~~........?~~..
..#~~≈≈≈≈....~..........
##~~≈≈≈≈≈...............
..~~≈≈≈≈≈(.......mE..###
~≈≈≈≈≈≈.....###EEmm..#
.~≈≈≈≈≈≈...# ##@##...#
.≈≈≈≈≈≈...##...)## .....
...~~~.....~≈≈≈~ ....
...~~~..##~≈≈≈≈≈ .~~~
..~~~~..#..≈≈≈~~ ~~~
.~≈≈~~..#.....~.
~≈≈≈≈~....~.....
≈≈≈≈≈~~. .~..?$. ≈≈≈≈≈~~


You could see a merfolk aquamancer, 2 merfolk and 3 water elementals.

Vanquished Creatures
  An acid blob (Lair:4)
  Ilsuiw (Shoals:2)
  Kirke (D:13)
  An orc warlord (Orc:2)
  An ironbound preserver (D:14)
  A stone giant (Orc:2)
  Snorg (D:13)
  3 merfolk impalers
  A rakshasa (D:11)
  5 hydras
  2 ice dragons
  9 centaur warriors
  3 merfolk avatars (Shoals:1)
  A death knight (D:11)
  5 boulder beetles
  A satyr (Shoals:1)
  12 two-headed ogres
  A tengu warrior (D:11)
  An orc high priest (Orc:2)
  Nergalle (D:11)
  2 skysharks (Shoals:1)
  A sixfirhy (Lair:5)
  The ghost of Orter the Blocker, a novice AtFi of Ashenzari (D:8)
  A skeletal warrior (D:14)
  5 sea snakes
  4 lindwurms (Lair:5)
  4 harpies (Shoals:1)
  A wizard (Lair:5)
  8 orc knights (Orc:2)
  A deep elf pyromancer (D:11)
  A mana viper (shapeshifter) (D:14)
  An orc sorcerer (Orc:2)
  7 fauns (Shoals:1)
  6 cyclopes
  2 ugly things
  A moth of wrath (D:8)
  11 manticores
  7 merfolk sirens
  18 elephants
  Maurice (D:11)
  3 black mambas
  2 ice statues (IceCv)
  A smoke demon (Lair:5)
  12 cane toads
  2 orange demons (Lair:5)
  4 gargoyles
  2 efreet (D:14)
  2 kobold demonologists
  An unseen horror (D:13)
  A torpor snail (Lair:4)
  Maggie (D:9)
  13 rime drakes
  3 freezing wraiths
  An ice devil (Lair:5)
  2 tengu conjurers (D:14)
  7 komodo dragons
  10 trolls
  2 red devils (Lair:5)
  6 wind drakes
  9 merfolk
  11 polar bears
  A meliai (D:11)
  4 snapping turtles
  A hornet (D:11)
  A tarantella (Lair:2)
  9 saltlings (Orc:2)
  18 blink frogs
  3 small abominations (Abyss:2)
  2 slime creatures
  Sigmund (D:6)
  A centaur simulacrum (D:11)
  4 wraiths
  A spriggan (Lair:4)
  8 water elementals
  5 wyverns
  47 yaks
  2 shadows
  6 hogs (D:13)
  2 steam dragons
  3 basilisks
  2 vampire mosquitoes (D:14)
  Menkaure (D:7)
  A warg (Orc:2)
  Duvessa (D:5)
  3 acid dragons (D:11)
  A floating eye (shapeshifter) (D:13)
  7 water moccasins
  4 hell hounds (Lair:5)
  14 orc warriors
  4 ice beasts
  A sky beast (D:6)
  4 black bears
  9 wolves
  9 ogres
  5 centaurs
  2 phantoms (D:5)
  3 kobold brigands
  15 bullfrogs
  A scorpion (D:4)
  Dowan (D:5)
  8 wights (D:7)
  The ghost of thelochok the Covert, a weakling GnDe (D:5)
  15 killer bees
  4 lindwurm simulacra (IceCv)
  4 howler monkeys
  4 komodo dragon simulacra (IceCv)
  4 hounds
  7 orc priests
  2 jellies
  A sleepcap (D:7)
  A gnoll bouda (D:8)
  5 iguanas
  Terence (D:2)
  24 orc wizards
  5 gnolls (D:8)
  7 acid dragon simulacra (IceCv)
  13 adders
  2 white imps
  6 steam dragon simulacra (IceCv)
  4 worms
  3 dart slugs
  61 orcs
  10 ball pythons
  11 endoplasms
  5 giant cockroaches
  8 hobgoblins
  6 jackals
  6 quokkas
  7 bats
  8 frilled lizards
  19 goblins
  19 kobolds
  7 rats
  A pillar of salt (Orc:2)
726 creatures vanquished.

Vanquished Creatures (collateral kills)
  2 merfolk sirens (Shoals:2)
2 creatures vanquished.

Vanquished Creatures (others)
  A merfolk siren (Shoals:2)
  18 fungi
  12 pillars of salt (Orc:2)
  50 plants
  2 starspawn tentacles (Abyss:2)
83 creatures vanquished.

Grand Total: 811 creatures vanquished

Notes
Turn   | Place    | Note
-------+----------+-------------------------------------------
     0 | D:1      | asdfjkl123 the Minotaur Berserker began the quest for the
                  | Orb.
     0 | D:1      | Reached XP level 1. HP: 19/19 MP: 0/0
    94 | D:1      | Reached skill level 4 in Axes
    94 | D:1      | Reached XP level 2. HP: 25/27 MP: 1/1
   334 | D:1      | Found a faded altar of an unknown god.
   373 | D:1      | Reached ** piety under Trog
   418 | D:1      | Reached XP level 3. HP: 33/33 MP: 2/2
   714 | D:2      | Noticed Terence
   721 | D:2      | Killed Terence
   722 | D:2      | Reached XP level 4. HP: 40/40 MP: 3/3
   859 | D:2      | Reached skill level 5 in Axes
  1718 | D:3      | Reached XP level 5. HP: 47/47 MP: 4/4
  1807 | D:3      | Reached *** piety under Trog
  1916 | D:3      | Noticed an ice beast
  1930 | D:3      | Killed an ice beast
  1931 | D:3      | Reached skill level 5 in Fighting
  1931 | D:3      | Reached skill level 6 in Axes
  2665 | D:4      | Found Lungon's Jewellery Shoppe.
  2740 | D:4      | Reached XP level 6. HP: 56/56 MP: 5/5
  2879 | D:4      | Found an iron altar of Okawaru.
  2888 | D:4      | Reached skill level 7 in Axes
  3073 | D:4      | Reached skill level 5 in Armour
  3073 | D:4      | Reached XP level 7. HP: 62/62 MP: 6/6
  3192 | D:4      | Found Adghahirr's Jewellery Emporium.
  3463 | D:5      | Entered Level 5 of the Dungeon
  3492 | D:5      | Found a sparkling altar of Nemelex Xobeh.
  3541 | D:5      | Noticed a steam dragon
  3547 | D:5      | Killed a steam dragon
  3548 | D:5      | Reached skill level 8 in Axes
  3604 | D:5      | Found a shimmering blue altar of Sif Muna.
  3698 | D:5      | Found Yssirat's Jewellery Shop.
  3884 | D:5      | Noticed Duvessa
  3896 | D:5      | Killed Duvessa
  4002 | D:5      | Reached XP level 8. HP: 64/71 MP: 7/7
  4119 | D:5      | Reached skill level 9 in Axes
  4179 | D:5      | Found a runed translucent door.
  4179 | D:5      | Noticed Dowan
  4193 | D:5      | Killed Dowan
  4333 | D:5      | Noticed thelochok's ghost (weakling GnDe)
  4671 | D:5      | Found Dirintul's Desiderata Depot.
  5033 | D:5      | Killed thelochok's ghost
  5144 | D:6      | Reached skill level 10 in Axes
  5580 | D:6      | Noticed Sigmund
  5589 | D:6      | Reached XP level 9. HP: 60/81 MP: 8/8
  5659 | D:6      | Killed Sigmund
  5885 | D:6      | Reached **** piety under Trog
  5886 | D:6      | Reached skill level 11 in Axes
  6495 | D:7      | Found Leineiqo's Assorted Antiques.
  6511 | D:7      | Bought a pair of glowing boots for 210 gold pieces
  6525 | D:7      | Found a glowing silver altar of Zin.
  6532 | D:7      | Found a basalt altar of Yredelemnul.
  6944 | D:7      | Found a staircase to the Ecumenical Temple.
  6954 | D:7      | Noticed Menkaure
  6960 | D:7      | Killed Menkaure
  7321 | D:8      | Found a transporter.
  7332 | D:8      | Noticed a moth of wrath
  7366 | D:8      | Found a transporter.
  7373 | D:8      | Noticed Orter's ghost (novice AtFi)
  7373 | D:8      | Noticed a komodo dragon
  7374 | D:8      | Noticed a manticore
  7389 | D:8      | Killed a manticore
  7390 | D:8      | Reached skill level 12 in Axes
  8375 | D:8      | Identified the +1 cloak of Ciocad Qoren {Str+2}
  8502 | D:9      | Found a hide-covered altar of Uskayaw.
  8522 | D:9      | Reached XP level 10. HP: 91/91 MP: 9/9
  8536 | D:9      | Reached skill level 13 in Axes
  8667 | D:9      | Noticed Maggie
  8683 | D:9      | Killed Maggie
  8757 | D:9      | Reached skill level 10 in Fighting
  9090 | D:9      | Found a bloodstained altar of Trog.
  9099 | D:9      | Found a staircase to the Lair.
  9498 | D:10     | Entered Level 10 of the Dungeon
  9742 | D:10     | Identified the +1 pair of gloves "Gogroygg" {rF+}
  9755 | D:10     | Reached skill level 10 in Armour
  9835 | D:10     | Noticed a rust devil
  9837 | D:10     | Reached skill level 14 in Axes
  9919 | D:10     | Found a radiant altar of Vehumet.
 10040 | D:10     | Found an ornate altar of the Wu Jian Council.
 10201 | D:10     | Reached XP level 11. HP: 101/101 MP: 10/10
 10498 | D:11     | Found Ytourek's General Store.
 10541 | D:11     | Noticed a purple ugly thing
 10550 | D:11     | Killed a purple ugly thing
 10704 | D:11     | Noticed a two-headed ogre
 10709 | D:11     | Killed a two-headed ogre
 10710 | D:11     | Reached skill level 15 in Axes
 10727 | D:11     | Noticed a two-headed ogre
 10906 | D:11     | Noticed a two-headed ogre
 10915 | D:11     | Killed a two-headed ogre
 11083 | D:11     | Noticed Maurice
 11125 | D:11     | Killed Maurice
 11217 | D:11     | Found Hifriqoeso's General Store.
 11266 | D:11     | Noticed a boulder beetle
 11285 | D:11     | Killed a boulder beetle
 11506 | D:11     | Noticed a centaur warrior
 11516 | D:11     | Killed a centaur warrior
 11737 | D:11     | Noticed Nergalle
 11739 | D:11     | Reached skill level 16 in Axes
 12028 | D:11     | Killed a two-headed ogre
 12039 | D:11     | Killed Nergalle
 12087 | D:11     | Identified the ring "Ipyudyt" {Fly rC+ SInv}
 12087 | D:11     | Noticed a rakshasa
 12190 | D:11     | Noticed a two-headed ogre
 12210 | D:11     | Killed a two-headed ogre
 12211 | D:11     | Reached XP level 12. HP: 97/112 MP: 11/11
 12212 | D:11     | Identified the ring "Poelesei" {*Slow Int+6 Dex+4 SInv}
 12212 | D:11     | Noticed a death knight
 12220 | D:11     | Noticed a six-headed hydra
 12479 | D:11     | Killed an eight-headed hydra
 12558 | D:11     | Killed a death knight
 12779 | D:11     | Identified the ring of Gusec {rElec rF+ rN+ AC+4}
 12779 | D:11     | Noticed a centaur warrior
 12790 | D:11     | Reached skill level 17 in Axes
 12914 | D:11     | Killed a centaur warrior
 13157 | D:11     | Noticed a boulder beetle
 13179 | D:11     | Killed a boulder beetle
 13241 | D:11     | Identified the ring of Gaedun {MP+9 Str+4 Int+4 Dex+4
                  | Stlth-}
 13241 | D:11     | Noticed a tengu warrior
 13257 | D:11     | Killed a tengu warrior
 13470 | D:11     | Found a runed translucent door.
 13472 | D:11     | Noticed a two-headed ogre
 13473 | D:11     | Noticed a centaur warrior
 13475 | D:11     | Found a runed translucent door.
 13475 | D:11     | Noticed a centaur warrior
 13475 | D:11     | Noticed a two-headed ogre
 13476 | D:11     | Found a runed translucent door.
 13743 | Lair:1   | Entered Level 1 of the Lair of Beasts
 14043 | Lair:1   | Reached skill level 18 in Axes
 15045 | Lair:2   | Noticed a four-headed hydra
 15066 | Lair:2   | Killed a ten-headed hydra
 15131 | Lair:2   | Noticed a six-headed hydra
 15140 | Lair:2   | Killed a nine-headed hydra
 15141 | Lair:2   | Reached XP level 13. HP: 123/123 MP: 12/12
 15293 | Lair:2   | Found a staircase to the Shoals.
 15371 | Lair:2   | Found a hole to the Spider Nest.
 15426 | Lair:2   | Identified the +1 morningstar of the Purse {freeze, rElec
                  | rC- Dex+3}
 15998 | Lair:3   | Reached skill level 19 in Axes
 17561 | Lair:4   | Reached skill level 20 in Axes
 17738 | Lair:4   | Found a runed translucent door.
 17739 | Lair:4   | Found a viscous altar of Jiyva.
 17740 | Lair:4   | Noticed an acid blob
 17793 | Lair:4   | Found a staircase to the Slime Pits.
 17831 | Lair:4   | Reached ***** piety under Trog
 18085 | Lair:5   | Entered Level 5 of the Lair of Beasts
 18345 | Lair:5   | Reached skill level 15 in Fighting
 18619 | Lair:5   | Reached XP level 14. HP: 133/135 MP: 13/13
 18737 | Lair:5   | Reached skill level 15 in Armour
 19129 | Abyss:2  | Cast into level 2 of the Abyss (a wizard)
 19133 | Abyss:2  | Found a corrupted altar of Lugonu.
 19160 | Abyss:2  | Found a corrupted altar of Lugonu.
 19209 | Abyss:2  | Found a corrupted altar of Lugonu.
 19209 | Abyss:2  | Noticed a tentacled starspawn
 19249 | Lair:5   | Escaped the Abyss
 19253 | Lair:5   | Received a gift from Trog
 19278 | Lair:5   | Found a burning altar of Makhleb.
 19549 | Lair:5   | Reached skill level 5 in Dodging
 19634 | Lair:5   | Found a gateway to Hell.
 19850 | Lair:5   | Identified the +1 ring mail of Vumy {Str+6 Int-5}
 19851 | Lair:5   | Identified the ring "Zesinen" {rC- Str+6 Dex+9 SInv}
 20539 | D:12     | Found Gikhli's Antique Armour Emporium.
 20549 | D:12     | Bought a spiked plate armour for 756 gold pieces
 20549 | D:12     | Identified the +4 plate armour of Darkness {rElec} (You
                  | bought it in a shop on level 12 of the Dungeon)
 20805 | D:12     | Found a staircase to the Orcish Mines.
 20951 | Orc:1    | Entered Level 1 of the Orcish Mines
 21035 | Orc:2    | Entered Level 2 of the Orcish Mines
 21225 | Orc:2    | Found a staircase to the Elven Halls.
 21614 | Orc:2    | Noticed a stone giant
 21620 | Orc:2    | Killed a stone giant
 21759 | Orc:2    | Identified the +8 battleaxe of a sewer {heavy, *Rage rElec
                  | rC++ SInv} (Trog gifted it to you on level 2 of the Orcish
                  | Mines)
 21759 | Orc:2    | Received a gift from Trog
 21831 | Orc:2    | Found Birret's Book Boutique.
 21831 | Orc:2    | Noticed an orc warlord
 21846 | Orc:2    | Killed an orc warlord
 21909 | Orc:2    | Found Uxkousol's Magic Scroll Shop.
 21921 | Orc:2    | Found Vaxy's Antique Armour Shop.
 22615 | Orc:2    | Found Yzoskog's Magic Scroll Shoppe.
 22805 | D:13     | Noticed Kirke
 22808 | D:13     | Noticed a sphinx
 22813 | D:13     | Killed Kirke
 22814 | D:13     | Reached XP level 15. HP: 146/146 MP: 14/14
 22821 | D:13     | Found a frozen archway.
 22904 | IceCv    | Entered an ice cave
 22907 | IceCv    | Reached ****** piety under Trog
 22907 | IceCv    | Received a gift from Trog
 23463 | IceCv    | Identified the +5 pair of boots of the Vestibule of Hell
                  | {+Inv rF+ Slay-5}
 23490 | IceCv    | Identified the ring of Suspicion {+Blink rC+ MP+9}
 23727 | D:13     | Noticed Snorg
 23735 | D:13     | Killed Snorg
 24055 | Orc:2    | Bought a scroll of enchant armour for 97 gold pieces
 24872 | D:14     | Found a gate to the Vaults.
 25165 | D:14     | Received a gift from Trog
 25438 | D:14     | Found a shimmering blue altar of Sif Muna.
 26297 | D:8      | Killed Orter's ghost
 26771 | Lair:4   | Killed an acid blob
 26978 | Shoals:1 | Entered Level 1 of the Shoals
 27554 | Shoals:1 | Reached XP level 16. HP: 159/159 MP: 15/15
 27565 | Shoals:1 | Received a gift from Trog
 28423 | Shoals:2 | Noticed Ilsuiw
 28540 | Shoals:2 | Killed Ilsuiw
 28993 | Shoals:2 | HP: 2/161 [water elemental (7)]
 28994 | Shoals:2 | Mangled by a water elemental

Illustrated notes

Levels and vault maps discovered:
D:1:      dpeg_arrival_round_a, layout_rooms,
          shapermc_ecumenical_altar_mp_highgroup
D:2:      minmay_diamond_boxcup, layout_loops_ring, minmay_misc_feat_encased,
          nrook_campfire, kennysheep_nondescript, minmay_stone_trees_small,
          grunt_ministairs_7, minmay_misc_feat_tiny, minmay_increasing_density,
          uniq_terence
D:3:      layout_basic, minmay_fractal_squares_diagonal_5
D:4:      layout_gridville, okawaru_trees_1, serial_shops, shop,
          nicolae_shop_statue_plus, minmay_ogre_servants
D:5:      layout_loops_ring, marbit_many_paths, nicolae_overflow_crystal_walls,
          serial_shops, shop, serial_co_window_serial, co_window_corner_a,
          co_window_paths_a, co_window_paths_a, co_window_paths_b,
          co_window_paths_a, co_window_paths_b, co_window_of_opportunity_a,
          co_window_cross_1, co_window_corner_a, co_window_broadway_c,
          co_window_unsneaky_path_a, co_window_broadway_b, co_window_2corner,
          co_window_2corner, co_window_corner_b, co_window_paths_c,
          glass_columns_b, glass_columns_a, glass_columns_a, glass_columns_a,
          ebering_ghost_sewer_d, serial_park_tiny_2, nicolae_alphabet_shops,
          glass_columns_c, uniq_duvessa
D:6:      layout_basic, uniq_sigmund
D:7:      layout_gridville, lemuel_crystal_altar, overflow_temple_1_default,
          minmay_temple_entry_purple_smoke, serial_shops,
          nicolae_shop_getting_attention, uniq_menkaure
D:8:      layout_cave_pods, gammafunk_ghost_berserking_beasts
D:9:      layout_long_grid, old_standard_altar,
          nicolae_uskayaw_murder_on_the_dancefloor, lair_entry_dummy,
          minmay_liquid_box, uniq_maggie
D:10:     layout_loops_ring, mainiacjoe_overflow_boulevard,
          mainiacjoe_overflow_concentric_impassable
D:11:     minmay_the_grid_triangle_9x9_recursive_3_mashed
          [minmay_the_grid_triangle_9x9_flanged_cone,
          minmay_the_grid_triangle_9x9_windchime,
          minmay_the_grid_triangle_9x9_fully_insulated_deathbox,
          minmay_the_grid_triangle_9x9_prize_special,
          minmay_the_grid_triangle_9x9_stretched_checkered,
          minmay_the_grid_triangle_9x9_corrupted_corridor,
          minmay_the_grid_triangle_9x9_dagger,
          minmay_the_grid_triangle_9x9_impossible_snake,
          minmay_the_grid_triangle_9x9_shrine], layout_small_grid, serial_shops,
          shop, shop, uniq_nergalle, uniq_maurice
D:12:     layout_rooms, hiddenorc1_lemuel, serial_shops,
          nicolae_shop_just_a_little_nook, minmay_holes
D:13:     layout_cave_pods, portal_ice_cave_entry_animals_and_master,
          uniq_kirke, uniq_snorg
D:14:     layout_grid_maze, skrybe_vaults_entry_preservation,
          nicolae_sif_muna_condensation
Lair:1:   layout_small_grid
Lair:2:   layout_chaotic_city, minmay_shoals_entry_lonely_mermaid,
          spider_nest_entry_rubble, serial_bayou_pond_b
Lair:3:   layout_big_grid, grunt_forest_small_clearings
Lair:4:   layout_regular_city, slime_entry_2, forest_entry_grove,
          grunt_megastairs_3
Lair:5:   evil_forest, layout_cellular_growth, minmay_lindwurm_lava
Shoals:1: layout_shoals
Shoals:2: layout_shoals, nicolae_shoals_cliffside_cave,
          nicolae_shoals_elemental_ambush, uniq_ilsuiw
Orc:1:    layout_caves
Orc:2:    hellmonk_orc_salted, layout_diamond_mine,
          hellmonk_guarded_unrand_dark_maul

Skill      XL: |  1  2  3  4  5  6  7  8  9 10 11 12 13 14 15 16 |
---------------+-------------------------------------------------+-----
Axes           | 4 5 6 7 8 10 12 14 16 18 20 | 20.8
Fighting       | 4 5 6 7 9 10 12 13 15 16 18 19 | 19.4
Armour         | 3 4 5 6 7 9 10 12 13 14 16 18 19 | 19.2
Dodging        | 3 8 |  8.4

Action                     |  1- 3 |  4- 6 |  7- 9 | 10-12 | 13-15 | 16-18 || total
---------------------------+-------+-------+-------+-------+-------+-------++-------
  Melee: Hand axe          |    65 |    96 |   251 |   396 |       |       ||   808
         Headbutt          |     7 |    12 |    50 |   132 |   194 |    23 ||   418
         Punch             |       |     1 |     2 |     4 |       |       ||     7
         Unarmed           |       |       |       |    15 |       |       ||    15
         Battleaxe         |       |       |       |    77 |   792 |   111 ||   980
 Invoke: Berserk           |     2 |     6 |    13 |    25 |    13 |       ||    59
         Brothers in Arms  |       |       |       |       |       |     2 ||     2
  Evoke: Wand              |       |       |    17 |       |       |       ||    17
    Use: Scroll            |       |     9 |    15 |     4 |     8 |     1 ||    37
         Potion            |       |       |       |       |       |     4 ||     4
 Armour: Animal skin       |     1 |       |       |       |       |       ||     1
         Ring mail         |    17 |       |       |       |       |       ||    17
         Chain mail        |       |    40 |    93 |    85 |       |       ||   218
         Plate armour      |       |       |       |   172 |   433 |       ||   605
         Skin              |       |       |       |     5 |       |       ||     5
         Crystal plate arm |       |       |       |       |   179 |   158 ||   337
  Dodge: Dodged            |    44 |    39 |    84 |   159 |   398 |   100 ||   824
